Description

2-base lair opening with roach speed is good for learning and will work pretty well in all 3 matchups.

Replay - listenheremooseRoachOpening

Build Order

Get SALT Encoding   

  12  0:00  Drone  
  13  0:13  Overlord  
  13  0:18  Drone  
  14  0:31  Drone x2  
  16  0:48  Hatchery  
  15  0:52  Drone x2  
  17  0:59  Drone  
  18  1:09  Extractor  
  17  1:15  Spawning Pool  
  17  1:16  Drone x2  
  18  1:28  Drone  
  20  1:50  Overlord  
  20  2:01  Queen x2  
  20  2:02  Zergling x4  
  30  2:33  Overlord x2  
  30  2:38  Queen  
  30  2:39  Lair  
  34  2:52  Evolution Chamber  
  34  2:56  Roach Warren  
  34  3:06  Overlord  
  48  3:52  Extractor x2  
  50  4:05  Hatchery  
Spawning Tool Build Advisor. Get it on Overwolf

Go to:

Details

  • Created by: DividedSky
  • Published on: Sep 21, 2021
  • Modified on: Sep 21, 2021
  • Patch: 4.11.0
  • Difficulty: Easy
Show
View Real Time Build Order
Export as new Build Order

Comments (0)

There are no comments. Be the first!

Create an account to comment!